woodfighter, lawful female dwarven Priestess ------------ .*.....}}}| |......}}}}| ##.... }}%}} #-I- -.- # #III################################### # -----.---`- +......<..- |.........| ----------- woodfighter the Acolyte Experience level: 5 Strength: 14 Dexterity: 11 Constitution: 15 Intelligence: 17 Wisdom: 9 Charisma: 10 Health: 0(43) Energy: 20(20) Def: 4 Gold: 36 Moves: 2825 Dungeon seed: mfVofRpDfK1FWG6G Game ID: woodfighter_1547463474 Your Inventory: Coins $ - 36 gold pieces Weapons a - a blessed +1 mace named Vladsbane (weapon in hand) Armor e - a +0 robe (being worn) n - a +0 small shield (being worn) q - a +0 orcish helm (being worn) Comestibles c - 2 cloves of garlic d - a sprig of wolfsbane k - 4 food rations Scrolls p - a scroll of scare monster t - a scroll of create monster Spellbooks g - a spellbook of light h - a spellbook of create monster i - a spellbook of protection m - a spellbook of jumping v - a spellbook of dig Potions b - 4 potions of holy water o - a potion of see invisible u - a potion of oil Rings r - a +1 ring of stealth Wands f - a wand of cancellation (0:1) j - a wand of enlightenment (0:12) x - a wand of enlightenment (0:12) Gems y - a worthless piece of green glass Spells and supernatural/magical abilities: Name Level Category Fail Memory l - light 1 divination 0% 86% p - protection 1 clerical 0% 86% O - create monster 2 clerical 0% 86% W - pray for help -- divine ? -- X - turn undead -- divine ? -- Your skills at the end: Miscellaneous Skills shield [Basic] wands [Basic] Weapon Skills pick-axe [Basic] mace [Basic] Spellcasting Skills clerical spells [Basic] Final Attributes: You were fervently aligned. You were blinded. You had infravision. You were stealthy. You are dead. Vanquished creatures: a dust vortex a fog cloud a puppy 2 kittens a homunculus an iguana a werejackal a large kobold a gecko a hobgoblin 2 giant rats a cave spider 2 yellow molds a red mold 6 manes a gnome zombie 4 jackals a kobold 4 newts 4 goblins a sewer rat 4 grid bugs 3 lichens a kobold zombie 46 creatures vanquished. Voluntary challenges: You did not adorn yourself with jewelry or accessories. You did not cause conflict. You were not invisible. You did not have reflection. You were not displaced. You were an atheist. You used a wielded weapon 61 times, starting on turn 6. You did not use tools. You did not use plumbed fixtures. You did not drink any magical draughts. You were illiterate. You never genocided any monsters. You never polymorphed an object. You never changed form. You used no wishes. You never split a pudding. You never wrote Elbereth's name. You never violated your personal moral code. Dungeon overview: The Dungeons of Doom: levels 1 to 6 Level 1 (box) a long staircase Level 2 (vault) a fountain stairs to The Gnomish Mines Level 3 a potion shop, an altar to Venus, a fountain Level 4 (shop) some fountains Level 5 Level 6 <- You were here The Gnomish Mines: Level 3 stairs to The Dungeons of Doom History has recorded: On T:1 you entered the Dungeons of Doom to retrieve the Amulet of Yendor! On T:269 you advanced to experience level 2. On T:375 you reached level 2 of The Dungeons of Doom. On T:919 you advanced to experience level 3. On T:1069 you reached level 1 of The Gnomish Mines. On T:1089 you reached level 3 of The Dungeons of Doom. On T:1342 you reached level 4 of The Dungeons of Doom. On T:1628 you advanced to experience level 4. On T:1763 you reached level 5 of The Dungeons of Doom. On T:2394 you reached level 6 of The Dungeons of Doom. On T:2816 you advanced to experience level 5. Score breakdown: Gold: 36 ( 3 points) Experience: 5 levels ( 400 points) Exploration: 6 levels ( 150 points) Discoveries: 9 items ( 450 points) Variety of kills: 24 monsters ( 1200 points) Major goal: (nothing yet) ( 0 points) Survival: died (score multiplied by 3) Total score: 6609 Latest messages: You hit the dust vortex. (2x) You get expelled! Something engulfs you! You hit the dust vortex. (3x) You get expelled! Wait! There's something there you can't see! Something engulfs you! You hit the dust vortex. You destroy the dust vortex! Welcome to experience level 5. Wait! There's something there you can't see! Something bites! Never mind. There's still a monster there. Something bites! You sense a monster nearby! Something bites! (3x) You hit something. Something bites! You feel more confident in your weapon skills. You hit something. You hear some noises. Something bites! You hit something. Something bites! You die... Final status: Goodbye woodfighter the Priestess, killed by a large dog... You died in The Dungeons of Doom on dungeon level 6 with 6609 points, and 36 pieces of gold, after 2825 moves. You were level 5 with a maximum of 43 hit points when you died.